AoeStats
← [ KOF ] M. Kowalski

African Clearing

506478265Analyzed
2v2 RM · 17d ago on Sep 13, 2026· 26m 57s· 4 players
Game mode
Random Map
Map size
Medium (4 player)
Population
200
Speed
Normal
Resources
Standard
Victory
Conquest
Starting age
Dark Age
Ending age
Imperial Age
RankedLock teamsTeams togetherTeam positionsShared explorationLock speedFull tech treeHidden civsTurbo modeCheats
Victory
Defeat
🇲🇽 Berbers · Mexico
1326
+16
🇦🇷 Chinese · Argentina
1305
+16
🇦🇷 Saracens · Argentina
1319
-16
🇦🇷 Malians · Argentina
1317
-16
[ KOF ] M. Kowalski
2:45 Loom
13:48 Feudal Age
14:33 Double-Bit Axe
15:33 Town Watch
17:40 Wheelbarrow
17:12 Fletching
20:36 Castle Age
20:11 Padded Archer Armor
21:22 Crossbowman
22:39 Bodkin Arrow
26:20 Thumb Ring
26:50 Bow Saw
KOF ChavaAzcona
12:10 Loom
14:07 Feudal Age
18:22 Castle Age
16:59 Double-Bit Axe
17:28 Stone Mining
17:41 Fletching
19:25 Bodkin Arrow
23:01 Padded Archer Armor
neo_399
6:08 Loom
12:55 Feudal Age
13:26 Double-Bit Axe
18:24 Fletching
22:46 Castle Age
21:11 Padded Archer Armor
23:24 Elite Skirmisher
23:25 Crossbowman
24:33 Bodkin Arrow
Consort Radahn
11:22 Loom
13:08 Feudal Age
17:19 Castle Age
16:23 Stone Mining
16:47 Double-Bit Axe
20:06 Forging
22:48 Scale Mail Armor
Connection lost

Rejoining the realm…

Still unreachable

The connection could not be restored.

Session expired

The server has moved on; the page needs a fresh start.